 Dungeon Crawl Stone Soup version 0.29.1-15-g9cfb28693d (webtiles) character file.

Game seed: 10809034669718750621

74 protoss039 the Digger (level 4, 29/33 HPs)
             Began as a Demonspawn Earth Elementalist on Mar 12, 2023.
             Got out of the dungeon alive.
             The game lasted 00:02:45 (1740 turns).

protoss039 the Digger (DsEE)                        Turns: 1740, Time: 00:02:46

Health: 29/33      AC:  8    Str:  9    XL:     4   Next: 10%
Magic:  8/8        EV: 10    Int: 18    God:
Gold:   133        SH:  0    Dex: 13    Spells: 2/8 levels left

rFire   . . .      SeeInvis .   f - +0 hand axe
rCold   . . .      Faith    .   (no shield)
rNeg    . . .      Spirit   .   g - +0 ring mail
rPois   .          Reflect  .   (helmet restricted)
rElec   .          Harm     .   (no cloak)
rCorr   .          Rampage  .   k - +0 pair of gloves
Will    .....                   (no boots)
Stlth   +.........              (no amulet)
HPRegen 0.11/turn               (no ring)
MPRegen 0.11/turn               (no ring)

@: no status effects
A: horns 1, yellow scales 1, powered by pain 1
a: no special abilities


You escaped.
You visited 1 branch of the dungeon, and saw 2 of its levels.

You collected 133 gold pieces.

Inventory:

Hand Weapons
 f - a +0 hand axe (weapon)
Missiles
 l - 2 poisoned darts (quivered)
Armour
 g - a +0 ring mail (worn)
 k - a +0 pair of gloves (worn)
Scrolls
 a - a scroll of enchant armour {unknown}
 c - a scroll of fog {unknown}
 e - a scroll of blinking {unknown}
 j - a scroll of vulnerability {unknown}
 m - a scroll of teleportation {unknown}
 n - a scroll of torment {unknown}
Potions
 b - a potion of magic
 d - a potion of brilliance {unknown}
 h - a potion of flight {unknown}
 i - a potion of resistance {unknown}
 o - a potion of attraction {unknown}


   Skills:
 + Level 1.8 Fighting
 - Level 1.7 Dodging
 - Level 1.7 Stealth
 + Level 2.7 Spellcasting
 + Level 1.0 Conjurations
 - Level 0.8 Transmutations
 + Level 3.3 Earth Magic


You had 2 spell levels left.
You knew the following spells:

 Your Spells              Type           Power      Damage    Failure   Level
a - Sandblast             Erth           28%        2d8       12%         1
b - Passwall              Tmut/Erth      8%         N/A       30%         2
c - Stone Arrow           Conj/Erth      20%        3d8       50%         3

Your spell library contained the following spells:

 Spells                   Type           Power      Damage    Failure   Level
 Petrify                  Tmut/Erth      10%        N/A       89%         4


Dungeon Overview and Level Annotations

Branches:
Dungeon (2/15) Zot: 10223

Altars:


Innate Abilities, Weirdness & Mutations

You have a pair of small horns on your head.
You are partially covered in yellow scales. (AC +2)
You sometimes gain a little power by taking damage.


Message History

The orc hits you with a +0 dagger.
Unknown command.
Casting: Sandblast (safe; 12% risk of failure)
Confirm with . or Enter, or press ? or * to list all spells.
Aiming: Sandblast (safe; 12% risk of failure)
Press: ? - help, Shift-Dir - straight line, f/p - orc
Aim: an orc, wielding a +0 dagger and wearing a +0 chain mail (heavily wounded, 87% to hit)
The blast of sand hits the orc but does no damage.
The orc is heavily wounded.
The orc hits you but does no damage.
You hit the orc but do no damage. Your headbutt misses the orc.
The orc is heavily wounded.
The orc closely misses you. The orc hits you but does no damage.
You hit the orc but do no damage.
The orc is heavily wounded.
The orc hits you but does no damage.
You hit the orc.
The orc is almost dead.
The orc hits you but does no damage.
You hit the orc but do no damage.
The orc is almost dead.
The orc closely misses you. The orc hits you but does no damage.
You hit the orc.
You kill the orc!
Your Conjurations skill increases to level 1!
Things that are here:
a +0 dagger; a +0 chain mail; an orc corpse
There is a stone staircase leading up here.
You climb upwards.
There is a stone staircase leading down here.
(D) Dungeon
Where to? (Enter - D:2 @ (x,y), ? - help)
Okay, then.
Unknown command.
Unknown command.
Magic restored.
There is a staircase leading out of the dungeon here.
There is a staircase leading out of the dungeon here.
Are you sure you want to leave the Dungeon?
This will make you lose the game!
You have escaped!

#.## #.................##
#..## ##.#######........##
##..# #...........###...#
#..###...##......#####.#####
##.......##......##.........
##.####......#####.........
#.# #.####.#####.........
#.# #.#....##..#..#####.#
#.## ###.@.###....######.#
#..####....#.##..(###.....
##...##.####.##..###......
#########......##...........
#...........##..............
#...........##...##........^
#................##.........
#.......#######..##.........
#...).##.##.# #####.........


There were no monsters in sight!

Vanquished Creatures
  Terence (D:2)
  2 dart slugs
  An orc (D:2)
  7 ball pythons
  4 endoplasms
  2 giant cockroaches
  5 goblins
  3 hobgoblins
  9 bats
  4 frilled lizards
  4 rats
42 creatures vanquished.

Vanquished Creatures (others)
  A fungus (D:2)
  A plant (D:2)
2 creatures vanquished.

Grand Total: 44 creatures vanquished

Notes
Turn   | Place    | Note
-------+----------+-------------------------------------------
     0 | D:1      | protoss039 the Demonspawn Earth Elementalist began the
                  | quest for the Orb.
     0 | D:1      | Reached XP level 1. HP: 13/13 MP: 3/3
   224 | D:1      | Gained mutation: You sometimes gain a little power by
                  | taking damage. [demonic ancestry]
   224 | D:1      | Reached XP level 2. HP: 14/20 MP: 0/5
   336 | D:1      | Reached skill level 1 in Fighting
   428 | D:1      | Reached skill level 3 in Earth Magic
  1177 | D:1      | Learned a level 2 spell: Passwall
  1179 | D:2      | Noticed Terence
  1181 | D:2      | Gained mutation: You are partially covered in yellow
                  | scales. (AC +2) [demonic ancestry]
  1181 | D:2      | Reached XP level 3. HP: 26/26 MP: 4/6
  1213 | D:1      | Learned a level 3 spell: Stone Arrow
  1638 | D:2      | Killed Terence
  1639 | D:2      | Gained mutation: You have a pair of small horns on your
                  | head. [demonic ancestry]
  1639 | D:2      | Reached XP level 4. HP: 27/33 MP: 6/8
  1690 | D:2      | Reached skill level 1 in Conjurations
  1740 | D:$      | Got out of the dungeon alive.

Illustrated notes

Levels and vault maps discovered:
D:1:      amcnicky_arrival_double_pillar, layout_rooms
D:2:      layout_basic, shapermc_ecumenical_altar_ellora, due_unseen_surprise,
          uniq_sigmund, uniq_terence

Skill      XL: |  1  2  3  4 |
---------------+-------------+-----
Fighting       | 1 |  1.8
Earth Magic    | 3 |  3.3
Conjurations   | 1 |  1.0
Dodging        | |  1.7
Stealth        | |  1.7
Spellcasting   | |  2.7
Transmutations | |  0.8

Action                   |  1- 3 |  4- 6 || total
-------------------------+-------+-------++-------
Melee: Unarmed           |     8 |       ||     8
       Hand axe          |    43 |    11 ||    54
       Headbutt          |       |     2 ||     2
Throw: Dart              |     5 |       ||     5
 Cast: Sandblast         |    33 |     6 ||    39
       Passwall          |     2 |       ||     2
  Use: Potion            |     1 |       ||     1
Armor: Robe              |    19 |       ||    19
       Ring mail         |    31 |     8 ||    39
Dodge: Dodged            |    77 |     6 ||    83
